 Dungeon Crawl Stone Soup version 0.31-a0-216-g22e908daa7 (webtiles) character file.

Game seed: 8485546066312278160

65 qw the Chopper (level 4, -9/28 HPs)
             Began as a Gargoyle Fighter on July 1, 2023.
             Mangled by an iguana (10 damage)
             ... on level 3 of the Dungeon.
             The game lasted 00:00:38 (1633 turns).

qw the Chopper (Gargoyle Fighter)                   Turns: 1633, Time: 00:00:38

Health: -9/28      AC: 10    Str: 21    XL:     4   Next: 13%
Magic:  4/4        EV:  9    Int:  9    God:
Gold:   97         SH:  4    Dex:  9    Spells: 3/3 levels left

rFire   . . .        Y - +0 war axe
rCold   . . .        c - +0 buckler
rNeg    + . .        b - +0 scale mail
rPois   inf          (no helmet)
rElec   +            (no cloak)
rCorr   .            (no gloves)
SInv    .            (no boots)
Will    .....        (no amulet) Stlth
                     (no ring)
HPRegen 0.24/turn    (no ring)
MPRegen 0.09/turn

%: no passive effects
@: weak-willed
A: sickness immunity, AC +3, negative energy resistance 1, electricity
resistance, torment resistance 1, petrification resistance
a: no special abilities


You were on level 3 of the Dungeon.
You visited 1 branch of the dungeon, and saw 3 of its levels.

You collected 97 gold pieces.


Innate Abilities, Weirdness & Mutations

You are immune to sickness and miasma.
Your stone body is resilient. (AC +3)
You are immune to poison.
You resist negative energy. (rN+)
You are resistant to electric shocks. (rElec)
You are resistant to unholy torment.
You are immune to petrification.


   Skills:
 - Level 3.2 Fighting
 + Level 3.9 Axes
 - Level 3.2 Armour
 - Level 3.2 Shields


You had 3 spell levels left.
You didn't know any spells.
Your spell library was empty.

Inventory:

Hand Weapons
 g - a +0 club
 Y - a +0 war axe (weapon)
Armour
 b - a +0 scale mail (worn)
 c - a +0 buckler (worn)
 i - a +1 cloak
Potions
 d - a potion of might
 f - a potion of enlightenment {unknown}
 h - a potion of attraction {unknown}
 k - a potion of ambrosia {unknown}

Dungeon Overview and Level Annotations

Branches:
Dungeon (3/15)

Altars:


Message History

Found a scale mail.
There is a stone staircase leading up here.
Waypoint 2 assigned to D:3.
1619 ||| PLANNING SEWER
Found a dagger.
There is a stone staircase leading up here.
An iguana comes into view.
Found 7 gold pieces.
The iguana hisses angrily.
The iguana hisses menacingly.
A kobold comes into view. It is wielding a +0 club.
You closely miss the iguana.
The kobold shouts!
The iguana barely misses you.
You hit the iguana.
The iguana is moderately wounded.
You block the iguana's attack.
You barely miss the iguana.
The iguana is moderately wounded.
You block the iguana's attack. The iguana barely misses you.
You hit the iguana.
The iguana is heavily wounded.
The iguana misses you.
You barely miss the iguana.
The iguana is heavily wounded.
You block the iguana's attack.
You hit the iguana but do no damage.
The iguana is heavily wounded.
You barely miss the kobold. The kobold hits you with a +0 club.
The iguana bites you! The kobold closely misses you. The iguana bites you.
You hit the iguana but do no damage.
The iguana is heavily wounded.
You barely miss the kobold. The kobold barely misses you.
You block the iguana's attack.
You hit the iguana.
The iguana is almost dead.
You closely miss the kobold. The kobold hits you but does no damage.
The iguana bites you! x2
You die...

#[# ##.# .#.# ..#
# #.. #
#.#####.###.#.##
.#..............)
......K#<.......#
......l@#........
.............#.##
................
.#####.####..#..#
.. ...... ##.
..#..# .. ..#..
$.


You could see an iguana and a kobold.

Vanquished Creatures
  Jessica (D:2)
  An adder (D:2)
  2 dart slugs (D:1)
  4 endoplasms
  4 hobgoblins
  3 quokkas
  5 ball pythons
  2 bats (D:1)
  2 frilled lizards (D:2)
  3 kobolds (D:2)
  A rat (D:1)
28 creatures vanquished.

Notes
Turn   | Place    | Note
-------+----------+-------------------------------------------
     0 | D:1      | qw the Gargoyle Fighter began the quest for the Orb.
     0 | D:1      | Reached XP level 1. HP: 14/14 MP: 1/1
     0 | D:1      | 0 ||| qw: Version: 0.3-a-35-g05ef00e
     0 | D:1      | 0 ||| qw: Game counter: 7753
     0 | D:1      | 0 ||| qw: Melee chars always use a shield: true
     0 | D:1      | 0 ||| qw: God list: Okawaru
     0 | D:1      | 0 ||| qw: Allow faded altars: false
     0 | D:1      | 0 ||| qw: Do Orc after clearing Dungeon:15 true
     0 | D:1      | 0 ||| qw: Do second Lair branch before Depths: true
     0 | D:1      | 0 ||| qw: Lair rune preference: random
     0 | D:1      | 0 ||| qw: Goals: Normal, Zot:1-4, Slime:5, God:TSO, Crypt,
                  | Tomb, Abyss, Pan, Hells, Win
     0 | D:1      | 0 ||| PLANNING D:1-11
   206 | D:1      | Reached XP level 2. HP: 19/19 MP: 2/2
   367 | D:1      | 367 ||| FLEEEEING.
   368 | D:1      | 368 ||| FLEEEEING.
   693 | D:1      | 693 ||| READING scroll labelled JIECKAGRAR.
   694 | D:1      | 694 ||| READING scroll labelled TEOQUH DAOKKENG.
   695 | D:1      | 695 ||| READING scroll labelled PYGGIPS TEOSEA.
   778 | D:2      | Noticed Jessica
   782 | D:2      | Killed Jessica
   783 | D:2      | Reached skill level 3 in Axes
   783 | D:2      | Reached XP level 3. HP: 21/23 MP: 3/3
   819 | D:2      | 819 ||| Stepping ~*~*~tactically~*~*~ (stealth).
   876 | D:2      | 876 ||| Stepping ~*~*~tactically~*~*~ (hiding).
  1008 | D:2      | Reached XP level 4. HP: 28/28 MP: 4/4
  1601 | D:2      | 1601 ||| DROPPING ring of wizardry.
  1602 | D:2      | 1602 ||| READING 2 scrolls labelled DOSTOETSIL.
  1603 | D:2      | 1603 ||| READING scroll labelled NYROEMUBLU.
  1606 | D:2      | 1606 ||| READING scroll labelled GOIWOG EXICWIC.
  1607 | D:2      | 1607 ||| DROPPING scroll of revelation.
  1619 | D:3      | 1619 ||| PLANNING SEWER
  1633 | D:3      | HP: 1/28 [iguana (11)]
  1633 | D:3      | Mangled by an iguana

Levels and vault maps discovered:
D:1:      tarquinn_simple_flora_water_f, layout_loops_ring
D:2:      layout_basic, minmay_gold_behind_fungi,
          corexii_item_surrounded_by_moat, nicolae_eternal_life,
          nicolae_figureground_pulse, uniq_jessica
D:3:      layout_basic, nicolae_overflow_squiral, basic_ecumenical_altar,
          portal_sewer_entry_b

Skill      XL: |  1  2 |
---------------+-------+-----
Axes           | 2 3 |  3.9
Fighting       | |  3.2
Armour         | |  3.2
Shields        | |  3.2

Action                     |  1- 3 |  4- 6 || total
---------------------------+-------+-------++-------
  Melee: War axe           |    51 |    22 ||    73
  Throw: Boomerang         |    11 |       ||    11
    Use: Scroll            |     3 |     3 ||     6
 Armour: Scale mail        |    29 |     7 ||    36
  Dodge: Dodged            |    11 |    14 ||    25
  Block: Buckler           |    10 |     6 ||    16

Table legend:
 A = Non-vault XP
 B = Vault XP
 C = Vault XP percentage of total XP
 D = Non-vault monster count
 E = Vault monster count
 F = Vault count percentage of total count
                 A         B        C        D         E       F
            +---------+---------+-------+---------+---------+-------
      Total |      56 |      37 |  39.8 |      27 |       1 |   3.6
            +---------+---------+-------+---------+---------+-------
        D:1 |      25 |       0 |   0.0 |      13 |       0 |   0.0
        D:2 |      31 |      37 |  54.4 |      14 |       1 |   6.7
            +---------+---------+-------+---------+---------+-------
